[Event "Early-Titled-Tuesday-Blitz-February-06-2024"]
[Site "Chess.com"]
[Date "2024.02.06"]
[Round "4"]
[White "Predator0608"]
[Black "Elegance_Riks"]
[Result "0-1"]
[WhiteElo "2540"]
[BlackElo "2762"]
[TimeControl "180+1"]
[EndTime "8:40:25 PST"]
[Termination "Elegance_Riks won by resignation"]

1. e4 e5 2. Nf3 Nc6 3. Bc4 d6 4. d4 Nf6 5. Ng5 d5 6. exd5 Nxd4 7. d6 Qxd6 8. Bxf7+ Ke7 9. c3 h6 10. cxd4 hxg5 11.
Bb3 exd4 12. Bxg5 Qe5+ 13. Qe2 Qxe2+ 14. Kxe2 Bf5 15. Nd2 c5 16. Nf3 Bg4 17. Rae1 Kd7 18. h3 Re8+ 19. Kd1 Bxf3+ 20. gxf3 Rxe1+ 21. Rxe1 Bd6 22. Kd2 Nh5 23. Kd3 b5 24. Bd5 Bf4 25. Rg1 Bxg5 26. Rxg5 Kd6 27. Be4 Nf4+ 28. Kd2 Ne6 29. Rg6 Ke5 30. Rg3 g5 31. Kd3 Nf4+ 32. Kd2 Kf6 33. Rg1 Rxh3 34. b3 Rh2 35. Rc1 Rxf2+ 36. Ke1 Re2+ 37.
Kf1 Rxa2 38. Rxc5 d3 39. Rc1 Rh2 40. Kg1 Rg2+ 41. Kf1 Rh2 42. Kg1 Rb2 43. Rd1 Rxb3 44. Kf2 Rb2+ 45. Ke3 Rb3 46. Kd4 a5 47. Rg1 a4 48. Rh1 a3 49. Rh6+ Kg7 50. Rh7+ Kg8 51. Ra7 d2 52. Ke5 d1=Q 53. Ra8+ Kf7 54. Ra7+ Ke8 55.
Bc6+ Kd8 56. Rd7+ Qxd7 57. Bxd7 Kxd7 0-1

[Event "Early-Titled-Tuesday-Blitz-February-06-2024"]
[Site "Chess.com"]
[Date "2024.02.06"]
[Round "4"]
[White "MyDream003"]
[Black "Nouali_Mohamed"]
[Result "0-1"]
[WhiteElo "2752"]
[BlackElo "2562"]
[TimeControl "180+1"]
[EndTime "8:40:26 PST"]
[Termination "Nouali_Mohamed won on time"]

1. e4 c5 2. Nf3 Nc6 3. Bb5 Qc7 4.
O-O e6 5. c3 a6 6. Ba4 b5 7.
Bc2 Bb7 8. Re1 Nf6 9. d3 d6 10.
Nbd2 Be7 11. Nf1 O-O 12. Ng3 b4 13. h3 a5 14. Bd2 Ne5 15. Nxe5 dxe5 16. Qe2 Rfd8 17.
Be3 a4 18. cxb4 cxb4 19. Rac1 Qa5 20. Bb1 Ba6 21. Red1 Bb5 22. Qe1 Qa6 23. d4 exd4 24. Rxd4 e5 25. Rxd8+ Rxd8 26. Nf5 Bf8 27. Bc5 g6 28.
Bxf8 Rxf8 29. Ne7+ Kg7 30. Qxb4 Rd8 31. Qc5 Qb7 32.
Qxe5 Re8 33. Rc7 Qb8 34. Qc5 Ba6 35. Qc3 a3 36. b3 Qd8 37. Nd5 Re6 38. Ra7 Kg8 39. Bc2 Nxd5 40. exd5 Rd6 41. Be4 h5 42. Bf3 Qe8 43. Qc5 Qe1+ 44. Kh2 Qe5+ 45. g3 h4 46. Ra8+ Kg7 47. Qa5 hxg3+ 48. fxg3 Qb2+ 49. Bg2 Bf1 0-1

[Event "Early-Titled-Tuesday-Blitz-February-06-2024"]
[Site "Chess.com"]
[Date "2024.02.06"]
[Round "4"]
[White "winniethepooh04"]
[Black "skkeyan1309"]
[Result "1/2-1/2"]
[WhiteElo "2512"]
[BlackElo "2713"]
[TimeControl "180+1"]
[EndTime "8:40:26 PST"]
[Termination "Game drawn by repetition"]

1. d4 Nf6 2. Nf3 g6 3. Bf4 Bg7 4. e3 d6 5. h3 O-O 6. Be2 Nc6 7. O-O e5 8. Bh2 Ne4 9. c3 Ng5 10. Nbd2 Nxh3+ 11. gxh3 Bxh3 12. Re1 Re8 13. Kh1 e4 14. Ng1 Bf5 15. Bg4 Qd7 16. Bxf5 Qxf5 17. Qe2 h5 18. f4 exf3 19. Qxf3 Qc2 20. Nc4 Re7 21. Rac1 Qd3 22. Qe2 Qe4+ 23. Qg2 Qd3 24. Qe2 Qf5 25. e4 Qb5 26. b3 Rae8 27. Qg2 d5 28. Nd2 Qd3 29. e5 Bh6 30. Ngf3 Nd8 31. Qe2 Qxe2 32. Rxe2 Ne6 33.
Rg1 Kh7 34. Nf1 c5 35. Ne3 Rd7 36. Rd1 cxd4 37. Nxd4 Nc5 38. Nb5 Ne4 39. Rd3 a6 40.
Nxd5 f5 41. Rxe4 Rxd5 42. Rxd5 fxe4 43. Nc7 Re7 44. e6 e3 45. Bd6 e2 46. Re5 Bf4 47. Bxe7 Bxe5 48. Bh4 Kg7 49. Nd5 g5 50. Be1 h4 51.
Kg2 Bg3 52. Kf3 Bxe1 53. Kxe2 Bg3 54. Kf3 Bd6 55. Kg4 Kg6 56. c4 a5 57. Kh3 Kg7 58.
Kg4 Kg6 59. Kh3 Kg7 60. Kg4 Kg6 1/2-1/2

[Event "Early-Titled-Tuesday-Blitz-February-06-2024"]
[Site "Chess.com"]
[Date "2024.02.06"]
[Round "4"]
[White "bteillet"]
[Black "BashirliSaadat"]
[Result "1-0"]
[WhiteElo "2159"]
[BlackElo "2338"]
[TimeControl "180+1"]
[EndTime "8:40:26 PST"]
[Termination "bteillet won by resignation"]

1. b4 e6 2. Bb2 Nf6 3. b5 a6 4. c4 axb5 5. cxb5 d5 6. e3 c6 7. Nf3 Bd6 8. Be2 Bd7 9. a4 O-O 10.
O-O Re8 11. d4 Ne4 12. Nbd2 f5 13. Ne5 Bxe5 14. dxe5 c5 15. Nb3 b6 16. f3 Ng5 17.
Qc2 Bc8 18. Nd2 Nd7 19. f4 Nf7 20. Kh1 Bb7 21. Bf3 Qc7 22. Rg1 Kh8 23. g4 g6 24.
gxf5 gxf5 25. Rg2 Rg8 26. Rag1 Nh6 27. h3 Nf8 28. Kh2 Ng6 29. Rg5 Nf7 30. R5g3 Qe7 31. Bh1 Nh6 32. Nf3 Nh4 33. Ng5 Nf7 34. Qd1 Nxg5 35.
Rxg5 Rxg5 36. Rxg5 Rg8 37. Qh5 Rxg5 38. fxg5 Ng6 39.
h4 Qc7 40. Kh3 Kg7 41. Qh6+ Kg8 42. h5 Nf8 43. g6 hxg6 44. hxg6 Qg7 45. Qg5 Qxg6 46.
Qd8 Qh7+ 47. Kg3 Qg7+ 48. Kf2 Qh7 49. Bg2 Qd7 50. Qg5+ Qg7 51. Qd8 Kh7 52. Qxb6 Kg8 53. a5 Bc8 54. a6 f4 55. exf4 Ng6 56. Bc1 Nh4 57. Qd8+ Kf7 58. Qxh4 d4 59. a7 d3 60. a8=Q 1-0

[Event "Early-Titled-Tuesday-Blitz-February-06-2024"]
[Site "Chess.com"]
[Date "2024.02.06"]
[Round "4"]
[White "arturdailima"]
[Black "Casper"]
[Result "1/2-1/2"]
[WhiteElo "2388"]
[BlackElo "2515"]
[TimeControl "180+1"]
[EndTime "8:40:27 PST"]
[Termination "Game drawn by repetition"]

1. e4 g6 2. d4 Bg7 3. Nf3 d5 4.
exd5 Nf6 5. Be2 Bg4 6. O-O Nxd5 7. h3 Bxf3 8. Bxf3 c6 9. Re1 O-O 10. a4 a5 11. c3 Nd7 12. Nd2 e5 13. dxe5 Nxe5 14.
Bxd5 Qxd5 15. Nf3 Nxf3+ 16. Qxf3 Qxf3 17. gxf3 Rad8 18. Bg5 f6 19. Bf4 Kf7 20. Kf1 g5 21.
Bc7 Rd2 22. Re2 Rxe2 23. Kxe2 Ra8 24. Rd1 Ke6 25. Rd6+ Ke7 26. Rd1 f5 27. Bd6+ Ke6 28. Bc7 Bf8 29. Rd8 Rxd8 30. Bxd8 b5 31. axb5 cxb5 32.
Bxa5 Be7 33. Bb6 Kd5 34. Kd3 h5 35. b3 Bd6 36. Bd8 g4 37. fxg4 fxg4 38. hxg4 hxg4 39. c4+ bxc4+ 40. bxc4+ Kc6 41. Bg5 g3 42. fxg3 Bxg3 43. Be3 Bd6 44. Bd4 Bf8 45. Ke4 Ba3 46. Kd3 Bf8 47.
Kc2 Ba3 48. Kb3 Bf8 49. Bc3 Be7 50. Bd2 Bc5 51. Bh6 Be7 52. Bc1 Bc5 53. Bg5 Bd6 54.
Be3 Bf8 55. Ka4 Be7 56. Ka5 Bd8+ 57. Ka6 Bg5 58. Bd4 Bf6 59. Be3 Bg5 60. Bf2 Bh4 61.
Bg1 Bd8 62. Ba7 Bc7 63. Bf2 Bg3 64. Bg1 Bh2 65. Ba7 Bb8 66. Bb6 Be5 67. Ka5 Bc3+ 68. Ka6 Bb4 69. Bd4 Bc3 70. Be3 Bd2 71. Bb6 Bc3 72. Bd4 Bxd4 73. c5 Bc3 74. Ka7 Ba5 75.
Ka6 Bc7 76. Ka7 Bd8 77. Ka6 Be7 78. Ka7 Bf6 79. Ka6 Be5 80. Ka7 Bc7 81. Ka6 Bb8 82. Ka5 Ba7 83. Ka6 Bb8 84. Ka5 Bg3 85. Ka6 Bf2 86. Ka5 Be3 87. Ka6 Bd2 88. Ka7 Be1 89.
Ka6 Bh4 90. Ka7 Bg5 91. Ka6 Bf6 92. Ka7 Bg7 93. Ka6 Bh8 94. Ka7 Ba1 95. Ka6 Bb2 96.
Ka7 Ba3 97. Ka6 Bb4 98. Ka7 Ba5 99. Ka6 Bc7 100. Ka7 Be5 101. Ka6 Bb8 1/2-1/2

[Event "Early-Titled-Tuesday-Blitz-February-06-2024"]
[Site "Chess.com"]
[Date "2024.02.06"]
[Round "4"]
[White "ccccvhhhj"]
[Black "GMG"]
[Result "0-1"]
[WhiteElo "2449"]
[BlackElo "2680"]
[TimeControl "180+1"]
[EndTime "8:40:29 PST"]
[Termination "GMG won on time"]

1. e4 c5 2. Nf3 Nc6 3. d4 cxd4 4.
Nxd4 Nf6 5. Nc3 e5 6. Ndb5 d6 7.
Bg5 a6 8. Na3 Be6 9. Bxf6 Qxf6 10.
Nd5 Qd8 11. c3 Be7 12. Nc2 Bg5 13. Be2 Ne7 14. Nce3 Bxe3 15. Nxe3 d5 16. exd5 Nxd5 17. Nxd5 Qxd5 18. O-O Qxd1 19. Rfxd1 Ke7 20. Bf3 Rhd8 21. b3 Rab8 22. Rxd8 Kxd8 23. Kf1 Ke7 24. c4 f5 25. Rc1 e4 26. Be2 Kd6 27. Ke1 Kc5 28. Kd2 Kd4 29. Rd1 f4 30. Kc2+ Ke5 31.
Kc3 g5 32. b4 g4 33. a4 f3 34. Bf1 Rf8 35. g3 Rc8 36. a5 Rc7 37. Kb3 Rd7 38.
Rxd7 Bxd7 39. b5 Kd4 40. Kb4 e3 41. fxe3+ Kxe3 42. bxa6 bxa6 43. c5 Bc8 44. c6 Kf2 45. Bc4 Kg1 46. Kc5 f2 47. Kd6 Kxh2 48. Kc7 Be6 49. Bf1 Kxg3 50. Bxa6 Kg2 51. Bd3 g3 52. a6 f1=Q 53. Bxf1+ Kxf1 54. a7 g2 55. a8=Q g1=Q 56. Qa1+ Kg2 57. Qg7+ Kh1 58. Qh6+ Qh2+ 59.
Qxh2+ Kxh2 60. Kd6 Bg4 61. Ke5 Kg3 0-1

[Event "Early-Titled-Tuesday-Blitz-February-06-2024"]
[Site "Chess.com"]
[Date "2024.02.06"]
[Round "4"]
[White "Gabrielian_Artur"]
[Black "vishwa_vijeta"]
[Result "0-1"]
[WhiteElo "2757"]
[BlackElo "2570"]
[TimeControl "180+1"]
[EndTime "8:40:33 PST"]
[Termination "vishwa_vijeta won by checkmate"]

1. e4 c5 2. Nf3 d6 3. d4 cxd4 4. Nxd4 Nf6 5. Nc3 g6 6. Be3 Bg7 7. f3 O-O 8. Qd2 Nc6 9. O-O-O d5 10. exd5 Nxd5 11. Nxc6 bxc6 12. Bd4 e5 13. Bc5 Re8 14. h4 Qa5 15. Nxd5 Qxa2 16. Ne7+ Kh8 17. Qe3 Qa1+ 18.
Kd2 Qxb2 19. Bd3 e4 20. fxe4 Qc3+ 21. Ke2 Bg4+ 22. Kf2 Bxd1 23. Rxd1 Rxe7 24. h5 Rd7 25. Ke2 Bd4 26. Qh3 Rad8 27. Bf8 Bg7 28. hxg6 fxg6 29. Rf1 Bxf8 30. Rxf8+ Rxf8 31. Qxd7 c5 32. Qe7 Qg7 33. Qxc5 h5 34. Qd5 Re8 35. Ke3 Re5 36. Qd8+ Kh7 37. Kd2 Qe7 38. Qc8 Kg7 39. Qc3 Qc5 40. Qb2 Qf2+ 41. Kd1 Qf6 42. Qb4 Re7 43. Qb8 a5 44. Qa8 Qc3 45. Qd8 Ra7 46. Ke2 a4 47. Qe8 Qd4 48. e5 a3 49. Qxg6+ Kf8 50. Qf6+ Rf7 51.
Qh8+ Ke7 52. Qb8 a2 53. Qb7+ Kf8 54. Qc8+ Kg7 55. e6 Qf2+ 56. Kd1 a1=Q# 0-1

[Event "Early-Titled-Tuesday-Blitz-February-06-2024"]
[Site "Chess.com"]
[Date "2024.02.06"]
[Round "4"]
[White "Happy1712Drummer"]
[Black "ChessSwole"]
[Result "0-1"]
[WhiteElo "2407"]
[BlackElo "2680"]
[TimeControl "180+1"]
[EndTime "8:40:33 PST"]
[Termination "ChessSwole won by resignation"]

1. e4 c5 2. Nf3 d6 3. Bb5+ Bd7 4. Bxd7+ Qxd7 5. O-O Nc6 6. d3 g6 7. c3 Bg7 8. d4 cxd4 9. cxd4 Nf6 10. Nc3 O-O 11.
h3 b5 12. e5 Ne8 13. Bf4 Nc7 14. exd6 exd6 15. Ne4 Qf5 16. Bxd6 Qxe4 17. Bxc7 Nxd4 18. Nxd4 Qxd4 19. Qxd4 Bxd4 20. Rfd1 Bf6 21. Rd2 Rac8 22. Bd6 Rfd8 23. Rad1 Rc6 24. b3 Bg5 25. f4 Bf6 26.
Be5 Rxd2 27. Rxd2 Bxe5 28. fxe5 Rc5 29. e6 fxe6 30. Rd8+ Kf7 31. Rd7+ Kf6 32. Rxa7 h5 33. Ra5 Rc2 34. Rxb5 Rxa2 35. b4 e5 36. Rb8 e4 37.
b5 Ke5 38. b6 Kd6 39. Re8 Rb2 40.
Rxe4 Rxb6 41. Kf2 Kd5 42. Re2 Re6 43. Rd2+ Ke5 44. Re2+ Kf5 45. g4+ hxg4 46. hxg4+ Kf6 47. Rxe6+ Kxe6 48. Kf3 Ke5 49. Ke3 g5 50. Kf3 Kd4 51.
Kg3 Ke3 52. Kh3 Kf4 53. Kh2 Kf3 54. Kh3 Kf2 55. Kh2 Kf3 56. Kh3 Kf4 57. Kh2 Kxg4 58. Kg2 Kf4 59. Kf2 Kf5 60. Kf3 Kf6 61. Kg4 Kg6 62. Kg3 Kf5 63. Kg2 Kg4 64. Kf2 Kh3 65.
Kg1 Kg3 66. Kh1 g4 67. Kg1 Kh3 68. Kh1 g3 0-1

[Event "Early-Titled-Tuesday-Blitz-February-06-2024"]
[Site "Chess.com"]
[Date "2024.02.06"]
[Round "4"]
[White "Canal_Showdrez"]
[Black "BeautiFullMindChess"]
[Result "1/2-1/2"]
[WhiteElo "2034"]
[BlackElo "2274"]
[TimeControl "180+1"]
[EndTime "8:40:34 PST"]
[Termination "Game drawn by stalemate"]

1. d4 f5 2. Nf3 Nf6 3. e3 g6 4.
b3 Bg7 5. Bb2 O-O 6. Nbd2 d6 7.
Bd3 c6 8. O-O Nbd7 9. Ng5 Nb6 10. a4 a5 11. Nc4 Nbd5 12. e4 fxe4 13. Nxe4 Nb4 14. Nxf6+ Bxf6 15. Ne3 d5 16. Be2 Bg5 17. Ng4 Bxg4 18. Bxg4 Bf6 19. Be6+ Kg7 20. f4 Qd6 21. f5 Na6 22. Ba3 Qd8 23. fxg6 Nc7 24. gxh7 Nxe6 25. h8=Q+ Rxh8 26. Qg4+ Kf7 27. Rae1 Ng7 28. Rxf6+ exf6 29. Re7+ Qxe7 30. Bxe7 Rae8 31. Bd6 Re4 32. Qd7+ Kg6 33. Qxb7 Nf5 34. Qxc6 Nxd4 35. Qxd5 Rhe8 36. Bg3 Nxc2 37. Qd3 Nb4 38. Qf3 R8e6 39. h4 Kf7 40. h5 Nc6 41. h6 Nd4 42. Qh5+ Ke7 43. h7 Ne2+ 44. Kh2 Nxg3 45.
Kxg3 R6e5 46. h8=Q Rxh5 47. Qxh5 Re3+ 48. Kf2 Rxb3 49.
Qc5+ Ke8 50. Qc6+ Kf8 51. Qd6+ Kg7 52. Qe7+ Kg6 53. Qe8+ Kg5 54. Qe3+ Rxe3 55. Kxe3 Kf5 56. g3 Kg4 57. Ke4 Kxg3 58. Kf5 Kf3 59. Kxf6 Ke4 60. Ke6 Kd4 61. Kd6 Kc4 62. Ke5 Kb4 63. Kd4 Kxa4 64.
Kc3 Ka3 65. Kc2 Ka2 66. Kc1 a4 67. Kc2 Ka1 68. Kc1 a3 69. Kc2 a2 70. Kc1 1/2-1/2

[Event "Early-Titled-Tuesday-Blitz-February-06-2024"]
[Site "Chess.com"]
[Date "2024.02.06"]
[Round "4"]
[White "blitzking1729"]
[Black "AryanTari"]
[Result "1-0"]
[WhiteElo "2746"]
[BlackElo "2935"]
[TimeControl "180+1"]
[EndTime "8:40:35 PST"]
[Termination "blitzking1729 won on time"]

1. c4 e5 2. Nc3 Nf6 3. Nf3 e4 4.
Ng5 c6 5. Ngxe4 Nxe4 6. Nxe4 d5 7. cxd5 cxd5 8. Ng3 h5 9. h4 Bd6 10. e3 Bxg3 11.
fxg3 Bg4 12. Be2 Qd6 13. Qa4+ Nc6 14. Qf4 Ne5 15. d4 Bxe2 16. Qxe5+ Qxe5 17. dxe5 Bd3 18. Bd2 Rc8 19. Bc3 Rh6 20. Kf2 Kd7 21. Rhc1 Rhc6 22. Kf3 Ke6 23. g4 Be4+ 24. Kg3 hxg4 25. Kxg4 Bxg2 26. Rg1 Be4 27. Raf1 Rh8 28. Kh3 Bf5+ 29. Kg3 Rh6 30. Rf4 b5 31. Kf2 g6 32. a3 Rc4 33.
Rxc4 bxc4 34. Kg3 Rh8 35. Rh1 g5 36. Rh2 gxh4+ 37. Rxh4 Rg8+ 38. Kf2 Be4 39. Rh6+ Kd7 40. Ra6 Rg2+ 41. Kf1 Rc2 42. Rxa7+ Ke6 43. a4 Rc1+ 44. Kf2 Rc2+ 45. Kg3 Rg2+ 46. Kh3 Re2 47. Bd4 Re1 48. a5 Ra1 49. Ra8 Bd3 50. Bc3 Be4 51. Ra6+ Kf5 52.
Rf6+ Kg5 53. Rxf7 Bf5+ 54. Kg2 Be4+ 55. Kf2 Rh1 56. e6 Rh2+ 57. Kg1 Rh1+ 58. Kf2 Rh2+ 59. Ke1 Rh1+ 60. Rf1 Rh7 61. e7 1-0

[Event "Early-Titled-Tuesday-Blitz-February-06-2024"]
[Site "Chess.com"]
[Date "2024.02.06"]
[Round "4"]
[White "angelgab3"]
[Black "RobertJFischer71"]
[Result "0-1"]
[WhiteElo "2752"]
[BlackElo "2559"]
[TimeControl "180+1"]
[EndTime "8:40:35 PST"]
[Termination "RobertJFischer71 won on time"]

1. e4 c5 2. Nf3 d6 3. Bb5+ Nd7 4.
a4 Nf6 5. Nc3 e6 6. O-O Be7 7. a5 O-O 8. d4 cxd4 9. Qxd4 a6 10. Be2 Qc7 11. Rd1 Ne5 12. Nxe5 dxe5 13. Qc4 Qxc4 14. Bxc4 Bd7 15. Be3 Bc6 16. f3 Nd7 17.
Kf2 Rac8 18. b3 Rfd8 19. Na4 Bxa4 20. Rxa4 Bc5 21. Raa1 Bxe3+ 22. Kxe3 Nb8 23. Rd3 Rxd3+ 24. Bxd3 Kf8 25. Kd2 Ke7 26. c3 g6 27. b4 f5 28.
h4 h6 29. h5 gxh5 30. exf5 Rg8 31. fxe6 Rxg2+ 32. Ke3 Kxe6 33. Be4 Rg7 34. Rh1 Rc7 35. Kd3 Nd7 36. Rxh5 Nf6 37. Rxh6 Rd7+ 38. Kc2 Rg7 39.
Bd3 Rg3 40. Bc4+ Ke7 41. Rh8 Rxf3 42. Rb8 Ne4 43. Rxb7+ Kd8 44. Bxa6 Rxc3+ 45. Kb2 Rc7 46. Rb8+ Ke7 47. Bd3 Nd6 48. a6 e4 49. Be2 e3 50. b5 Nc4+ 51. Kb3 Na5+ 52. Kb4 Rc2 53.
Kxa5 Rxe2 54. a7 Ra2+ 55. Kb6 e2 0-1

[Event "Early-Titled-Tuesday-Blitz-February-06-2024"]
[Site "Chess.com"]
[Date "2024.02.06"]
[Round "4"]
[White "RCone"]
[Black "Evgeny81"]
[Result "0-1"]
[WhiteElo "2417"]
[BlackElo "2707"]
[TimeControl "180+1"]
[EndTime "8:40:35 PST"]
[Termination "Evgeny81 won on time"]

1. e4 c5 2. Nc3 e6 3. Nge2 a6 4. g3 b5 5. d4 cxd4 6. Nxd4 Bb7 7. Bg2 Ne7 8. O-O Nec6 9. Be3 Nxd4 10. Bxd4 Nc6 11.
Be3 Be7 12. a3 O-O 13. Qh5 d6 14. Rad1 Qc7 15. f4 Bf6 16. Rd3 Rad8 17. Rfd1 b4 18. Na4 Qb8 19. Bb6 bxa3 20. bxa3 e5 21. Bxd8 Rxd8 22.
fxe5 Nxe5 23. Rb3 Qa7+ 24. Kh1 Bc8 25. Bh3 g6 26. Qh6 Ng4 27. Bxg4 Bxg4 28. Rf1 Qd4 29. Qe3 Qe5 30. Nb6 Bh3 31. Re1 Be6 32. Nd5 Bxd5 33. exd5 Qxd5+ 34. Qf3 Qd2 35. Rf1 Bg7 36.
Qxf7+ Kh8 37. Rbf3 Rg8 38. Qb3 Qd4 39. Qd3 Qb2 40.
Rf7 Qe5 41. Qf3 Qd4 42. h3 Qe5 43. h4 Qe6 44. Kg2 Qe5 45. Rf2 Qc3 46. Qxc3 Bxc3 47. Re2 Be5 48. Re4 Rc8 49. c4 Kg8 50. Ra7 Rb8 51.
Rxa6 Rb2+ 52. Kh3 Rb3 53. Rg4 Kf7 54. Ra7+ Kg8 55. Ra8+ Kg7 56. Ra7+ Kh6 57. a4 Ra3 58. a5 Ra2 59. a6 Ra1 60. Ra8 Ra3 61. a7 Kg7 0-1

[Event "Early-Titled-Tuesday-Blitz-February-06-2024"]
[Site "Chess.com"]
[Date "2024.02.06"]
[Round "4"]
[White "Der_Balak_3Halak"]
[Black "NewYearGirl"]
[Result "1/2-1/2"]
[WhiteElo "2499"]
[BlackElo "2342"]
[TimeControl "180+1"]
[EndTime "8:40:35 PST"]
[Termination "Game drawn - insufficient material"]

1. b3 e5 2. Bb2 Nc6 3. e3 g6 4. f4 Bg7 5. Nf3 d6 6. Bb5 Ne7 7. fxe5 O-O 8. O-O Nxe5 9. Nxe5 dxe5 10. e4 a6 11. Bc4 b5 12. Be2 Nc6 13. d3 Nd4 14.
Nd2 c5 15. a4 Bb7 16. Nf3 c4 17. Nxd4 exd4 18. dxc4 bxc4 19. Bxc4 Bxe4 20. Qe2 Bd5 21. Rae1 Bxc4 22. Qxc4 Qc8 23. Qd3 Re8 24. Rxe8+ Qxe8 25. Bxd4 Rd8 26. c3 Qe6 27. Qc4 Qxc4 28. bxc4 Bxd4+ 29. cxd4 Rxd4 30. Rc1 Rd6 31. Kf2 Kf8 32. Ke3 Ke7 33. c5 Re6+ 34. Kd4 Kd7 35. Kd5 Rf6 36. Rd1 Kc7 37. Re1 Rf5+ 38. Kc4 Kc6 39. Re7 Rxc5+ 40. Kb4 a5+ 41. Kb3 Rf5 42. Ra7 h5 43. Ra6+ Kb7 44.
Rd6 Rf2 45. h4 Rxg2 46. Rd7+ Kb6 47. Rxf7 Rg3+ 48. Kb2 Rg4 49. Kb3 Rb4+ 50. Ka3 Rxh4 51. Rf6+ Kc5 52. Rxg6 Rh3+ 53. Kb2 Kb4 54. Rb6+ Kxa4 55.
Rb8 Rh2+ 56. Kc3 h4 57. Rh8 h3 58. Rh5 Rh1 59. Kb2 h2 60. Rh4+ Kb5 61. Rh5+ Kc4 62.
Ka2 a4 63. Rh4+ Kd3 64. Rh3+ Ke4 65. Rh4+ Kf3 66. Rh8 Rg1 67. Rxh2 Rg2+ 68. Rxg2 Kxg2 69. Ka3 Kf3 70. Kxa4 1/2-1/2

[Event "Early-Titled-Tuesday-Blitz-February-06-2024"]
[Site "Chess.com"]
[Date "2024.02.06"]
[Round "4"]
[White "zverr1"]
[Black "Binary010"]
[Result "1-0"]
[WhiteElo "2567"]
[BlackElo "2856"]
[TimeControl "180+1"]
[EndTime "8:40:38 PST"]
[Termination "zverr1 won on time"]

1. e4 c5 2. Nf3 d6 3. Nc3 Nf6 4. e5 dxe5 5. Nxe5 a6 6. g3 Qd6 7. f4 Nc6 8. Nc4 Qe6+ 9. Ne3 Nd4 10. Bg2 h5 11. h3 Nf5 12. Qf3 Nd4 13. Qd1 Rb8 14. a4 b6 15. O-O Bb7 16. d3 Bxg2 17. Kxg2 Qc6+ 18. Kh2 e6 19. Nc4 Be7 20. Ne5 Qc7 21.
Be3 h4 22. g4 O-O 23. g5 Nd7 24. Nxd7 Qxd7 25. Bxd4 cxd4 26. Ne4 Rbc8 27. Rf2 Bd6 28.
Qh5 Rc6 29. Rg1 Rfc8 30. g6 fxg6 31. Qxg6 Kf8 32. Rgg2 Qf7 33. Qg4 Be7 34. f5 e5 35. Ng5 Bxg5 36. Qxg5 Qf6 37. Qh5 Ke7 38. Rg6 Qf7 39. Qxh4+ Kd7 40. Rgg2 Rf6 41. Qe4 Qe7 42.
Qb7+ Rc7 43. Qe4 Kc8 44. Rg5 Kb8 45. Rfg2 Rf7 46. R5g4 Qf6 47. Rg5 Rfe7 48. h4 Rf7 49. Re2 Rfe7 50. Kh3 Qh6 51. Qg4 Qf6 52. Rg6 Qf7 53.
Rxb6+ Ka7 54. a5 Qd5 55. Qe4 Qxa5 56. Re6 Rxe6 57. fxe6 Rc5 58. e7 Qb5 59. Qg6 Rc8 60.
Qe6 Qe8 61. Rxe5 Rxc2 62. Qd6 Qh5 63. Qd7+ Kb6 64. Rxh5 1-0

[Event "Early-Titled-Tuesday-Blitz-February-06-2024"]
[Site "Chess.com"]
[Date "2024.02.06"]
[Round "4"]
[White "IsaqueGoncalvesSanto"]
[Black "mbchess97"]
[Result "0-1"]
[WhiteElo "1851"]
[BlackElo "2428"]
[TimeControl "180+1"]
[EndTime "8:40:38 PST"]
[Termination "mbchess97 won on time"]

1. d4 Nf6 2. c4 e6 3. Nc3 d5 4.
Nf3 Bb4 5. e3 O-O 6. cxd5 exd5 7.
Bd3 Ne4 8. Bxe4 dxe4 9. Nd2 Bf5 10. a3 Bxc3 11. bxc3 Qg5 12. Kf1 Nd7 13. h4 Qe7 14. g4 Be6 15. c4 f5 16. d5 Bf7 17. gxf5 Nc5 18. Qg4 Kh8 19. Bb2 Bg8 20. h5 Nd3 21.
Bd4 h6 22. Nxe4 Bh7 23. Ng3 Ne5 24. Qe4 Rae8 25. Qxe5 Qxe5 26. Bxe5 Rxe5 27. Rb1 Bxf5 28. Nxf5 Rexf5 29. Rh2 b6 30. Ke2 Re5 31. f3 Rff5 32. e4 Rxh5 33. Rxh5 Rxh5 34. Ke3 Kg8 35. c5 Kf7 36.
cxb6 axb6 37. Rc1 g5 38. Rxc7+ Ke8 39. Rc6 Rh3 40. Rxb6 g4 41. Rf6 g3 42. Rg6 h5 43.
Kf4 h4 44. e5 Rh1 45. e6 Rd1 46. Ke5 Kf8 47. d6 Re1+ 48. Kf6 Re2 49. e7+ Ke8 50. Rg8+ Kd7 51. Rd8+ Kc6 52. e8=Q+ Rxe8 53. Rxe8 g2 54. Rg8 h3 55. Ke7 h2 56. d7 h1=Q 57. d8=Q Qh7+ 58. Kf6 Qh4+ 59. Kf5 Qxd8 60. Rg6+ Kd5 61. Rxg2 Qf8+ 62. Kg4 Qxa3 63. Rg3 Ke6 64. f4 Kf6 0-1

[Event "Early-Titled-Tuesday-Blitz-February-06-2024"]
[Site "Chess.com"]
[Date "2024.02.06"]
[Round "4"]
[White "Genghis_K"]
[Black "AlexTruskavetsky"]
[Result "1/2-1/2"]
[WhiteElo "2904"]
[BlackElo "2727"]
[TimeControl "180+1"]
[EndTime "8:40:39 PST"]
[Termination "Game drawn - insufficient material"]

1. e4 c5 2. Nf3 Nc6 3. Bb5 g6 4. O-O Bg7 5. c3 e5 6. d4 cxd4 7. cxd4 exd4 8. Bf4 Nge7 9. Bd6 O-O 10. Nbd2 a6 11.
Bc4 b5 12. Bd5 Nxd5 13. Bxf8 Qxf8 14. exd5 Nb4 15. Nb3 Nxd5 16. Nbxd4 Bb7 17. Rc1 Qd6 18.
Re1 Nf4 19. Nf5 Qxd1 20. Ne7+ Kf8 21. Rcxd1 Rd8 22. Ng5 Ne6 23. Rxe6 fxe6 24. Nxg6+ hxg6 25. Nxe6+ dxe6 26. Rxd8+ Ke7 27. Rb8 Be4 28. b3 Bd4 29. a4 Bd3 30. h4 Bc3 31. axb5 axb5 32. g4 b4 33. h5 gxh5 34. gxh5 Kf6 35. Rg8 Kf7 36. Rg3 Bc2 37. h6 Bd2 38. Rg4 Bf5 39.
Rd4 Bc3 40. Rd7+ Kg6 41. h7 Kh6 42. Re7 Bxh7 43. Rxe6+ Kg5 44. Re2 Bg8 45. Re8 Bxb3 46. Kf1 Bc2 47. Rc8 b3 48. Rc5+ Kf4 49. Rc4+ Ke5 50. Rxc3 b2 51. Re3+ Kd4 52. Re1 Kc3 53.
Ke2 Bb3 54. Ke3 Bc2 55. f4 Bf5 56. Rf1 Bd3 57. Rd1 Bf5 58. Re1 Kc2 59. Re2+ Kc3 60. Rxb2 Kxb2 61. Kd4 Kb3 62. Ke5 Bb1 63. f5 Bxf5 1/2-1/2

[Event "Early-Titled-Tuesday-Blitz-February-06-2024"]
[Site "Chess.com"]
[Date "2024.02.06"]
[Round "4"]
[White "MikaelyanArman"]
[Black "bazar-wokzal"]
[Result "0-1"]
[WhiteElo "2871"]
[BlackElo "2608"]
[TimeControl "180+1"]
[EndTime "8:40:39 PST"]
[Termination "bazar-wokzal won by resignation"]

1. d4 Nf6 2. c4 Nc6 3. Nf3 e6 4. Nc3 Bb4 5. Bd2 O-O 6. e3 d6 7.
Qc2 e5 8. a3 Bxc3 9. Bxc3 Qe7 10. Be2 Bg4 11. d5 Nb8 12. h3 Bh5 13. O-O c6 14. dxc6 Nxc6 15. Rad1 Rfd8 16. b4 Rac8 17. Rd2 Bg6 18. Qb2 Ne4 19. Rdd1 Nxc3 20. Qxc3 Rd7 21. Nd2 Nd8 22. Bg4 Ne6 23. Nb3 b6 24.
Rd2 Rdc7 25. c5 dxc5 26. bxc5 f5 27. Be2 Nxc5 28. Nxc5 Qxc5 29. Qb2 Qc3 30. Rfd1 Qxb2 31. Rxb2 Rc1 32. Kh2 Rxd1 33. Bxd1 Kf8 34. Rb5 Rc5 35. Rb4 Ke7 36. g4 Kd6 37. Kg3 Rc3 38. gxf5 Bxf5 39. a4 Kc5 40. Rb5+ Kd6 41. Rb4 Bd7 42. Bg4 Be8 43.
Be2 Ra3 44. Bd1 Kc5 45. Rg4 g6 46. Rh4 h5 47. Re4 Kd6 48. Kh4 Bc6 49. Rb4 Kc5 50. Rb1 Bxa4 51. Bxa4 Rxa4+ 52. Kg5 Ra2 53. Rf1 b5 54.
Kxg6 h4 55. f4 exf4 56. exf4 Kd6 57. f5 Ke7 58. Re1+ Kf8 59. Kf6 Ra6+ 60. Kg5 b4 61. Rc1 Rb6 62. f6 b3 63. Kg6 Rb8 64. Rc7 b2 65. Rf7+ Ke8 66. Re7+ Kd8 67. Re1 b1=Q+ 68. Rxb1 Rxb1 69. f7 Ke7 70. Kg5 Kxf7 0-1

[Event "Early-Titled-Tuesday-Blitz-February-06-2024"]
[Site "Chess.com"]
[Date "2024.02.06"]
[Round "4"]
[White "Yurovskykh_Oleksandr"]
[Black "Orphanator2009"]
[Result "1-0"]
[WhiteElo "2633"]
[BlackElo "2454"]
[TimeControl "180+1"]
[EndTime "8:40:40 PST"]
[Termination "Yurovskykh_Oleksandr won by resignation"]

1. d4 Nf6 2. Nf3 d5 3. c3 Bf5 4.
Qb3 Qc8 5. Bg5 e6 6. Bxf6 gxf6 7. e3 Bd6 8. c4 c6 9. Nc3 O-O 10. Rc1 Qd7 11. Be2 Na6 12. cxd5 cxd5 13. a3 Rac8 14. O-O Nb8 15. Nb5 b6 16. Nxd6 Qxd6 17. Rc3 Rc7 18. Rfc1 Rfc8 19. Nh4 Bg6 20. g3 Rxc3 21.
Rxc3 Rxc3 22. Qxc3 Qc6 23. Qxc6 Nxc6 24. b4 a5 25. b5 Ne7 26. Kf1 Nc8 27. Ke1 Nd6 28.
f3 Bc2 29. Kd2 Ba4 30. Ng2 Bxb5 31. Bxb5 Nxb5 32. a4 Nd6 33. Kc3 b5 34. axb5 Nxb5+ 35. Kb3 Nd6 36. Ne1 Nc4 37. Nc2 Nb6 38. e4 dxe4 39.
fxe4 Kf8 40. Ne3 Ke7 41. Ng4 Nc8 42. Ka4 Nd6 43. Nf2 f5 44. e5 Ne4 45. Nh3 Nc3+ 46. Kxa5 Ne2 47. Ng5 h6 48. Nf3 Kd7 49. Kb5 Nc3+ 50. Kc4 Ne4 51. d5 exd5+ 52. Kxd5 Ke7 53. Nd4 Ng5 54. Nxf5+ Kf8 55. Nxh6 Nf3 56. h4 Kg7 57. Nf5+ Kg6 58. Ke4 Nd2+ 59. Kf4 Nc4 60. g4 Nb6 61. h5+ Kh7 62. Nd6 Kg7 63. Ne4 Nd5+ 64. Kg5 Ne7 65.
Nc5 Nc6 66. e6 fxe6 67. Nxe6+ Kh7 68. Nf4 Ne5 69. Kf5 Nf7 70. Nd5 Nh6+ 71. Kf4 Nf7 72. g5 Kg7 73. Ne3 Nd6 74. Nf5+ Nxf5 75. Kxf5 Kf7 76.
g6+ Kg7 77. Kg5 Kg8 78. h6 Kh8 79. Kf6 Kg8 80. g7 Kh7 81. Kf7 1-0